AoeStats
← Foodude4

Black Forest

509318697Analyzed
4v4 RM · 6d ago on Sep 26, 2026· 62m 6s· 8 players
Game mode
Random Map
Map size
Large (8 player)
Population
200
Speed
Normal
Resources
Standard
Victory
Conquest
Starting age
Dark Age
Ending age
Imperial Age
RankedLock teamsTeams togetherTeam positionsShared explorationLock speedFull tech treeHidden civsTurbo modeCheats
Victory
Defeat
🇨🇳 Persians · China
1058
+15
🇦🇺 Celts · Australia
1046
+15
🇦🇺 Vietnamese · Australia
1034
+16
🇦🇺 Turks · Australia
871
+23
🇬🇧 Britons · United Kingdom
1042
-18
🇨🇳 Persians · China
1039
-18
🇮🇹 Danes · Italy
1012
-17
🇮🇳 Koreans · India
1011
-16
MiniColossus
10:26 Feudal Age
14:03 Castle Age
12:50 Double-Bit Axe
25:29 Bow Saw
25:02 Horse Collar
26:01 Wheelbarrow
26:40 Ballistics
26:29 Fletching
26:39 Padded Archer Armor
27:00 Gold Mining
27:02 Stone Mining
30:18 Imperial Age
28:40 Hand Cart
29:19 Bodkin Arrow
29:39 Leather Archer Armor
29:30 Squires
29:17 Arson
29:57 Yeomen
30:19 Gold Shaft Mining
30:23 Elite Longbowman
31:11 Bracer
32:06 Warwolf
32:54 Ring Archer Armor
32:41 Forging
32:37 Scale Barding Armor
32:38 Heavy Plow
32:26 Loom
32:27 Town Watch
33:46 Light Cavalry
35:47 Iron Casting
35:12 Scale Mail Armor
35:51 Arrowslits
37:08 Chemistry
36:12 Murder Holes
36:38 Masonry
36:06 Pikeman
36:46 Halberdier
40:51 Blast Furnace
40:07 Chain Mail Armor
45:02 Plate Mail Armor
渣渣灰
11:26 Feudal Age
12:51 Wheelbarrow
12:39 Double-Bit Axe
18:50 Castle Age
17:08 Fishing Lines
17:12 Horse Collar
19:42 Hand Cart
20:27 Bow Saw
23:39 Gillnets
26:03 Heavy Plow
29:21 Gold Mining
29:25 Loom
30:48 Masonry
33:34 Imperial Age
31:47 Stone Mining
32:36 Gold Shaft Mining
33:39 Stone Shaft Mining
33:56 Husbandry
33:36 Heavy Camel Rider
33:39 Cavalier
34:23 Kamandaran
34:59 Hoardings
34:45 Conscription
35:01 Architecture
35:12 Caravan
35:21 Scale Barding Armor
35:27 Forging
35:17 Scale Mail Armor
35:19 Sappers
36:14 Ballistics
36:54 Chemistry
35:45 Heated Shot
36:44 Guilds
37:30 Chain Barding Armor
37:46 Iron Casting
37:11 Murder Holes
37:37 Citadels
39:19 Plate Barding Armor
39:00 Chain Mail Armor
39:24 Coinage
38:59 Padded Archer Armor
38:50 Fletching
38:26 Savar
39:46 Crop Rotation
40:30 Two-Man Saw
42:19 Blast Furnace
41:27 Guard Tower
42:43 Banking
44:10 Plate Mail Armor
43:56 Leather Archer Armor
43:37 Bodkin Arrow
43:15 Elite War Elephant
ggengiskhan
2:19 Loom
14:57 Feudal Age
20:40 Double-Bit Axe
26:52 Castle Age
26:10 Fletching
26:07 Horse Collar
26:44 Gold Mining
26:46 Stone Mining
28:26 Bodkin Arrow
30:02 Bow Saw
30:40 Heavy Plow
33:14 Wheelbarrow
36:51 Imperial Age
35:34 Ballistics
35:33 Squires
36:30 Gold Shaft Mining
37:09 Hand Cart
38:44 Chemistry
37:58 Heavy Rocket Cart
41:09 Two-Man Saw
41:41 Shinkichon
41:50 Conscription
48:13 Murder Holes
52:06 Pikeman
VoicedChart8909
1:04 Loom
12:20 Feudal Age
18:01 Castle Age
18:46 Castle Age
16:28 Horse Collar
17:25 Double-Bit Axe
27:08 Wheelbarrow
28:39 Town Watch
30:21 Hand Cart
30:56 Town Patrol
31:45 Forging
31:23 Arson
33:47 Iron Casting
33:12 Scale Mail Armor
38:08 Imperial Age
35:53 Thumb Ring
35:09 Crossbowman
35:14 Elite Skirmisher
36:43 Bow Saw
36:51 Chain Mail Armor
36:27 Fletching
36:38 Padded Archer Armor
37:00 Hamask
37:44 Squires
37:44 Gold Mining
37:44 Stone Mining
38:37 Bodkin Arrow
38:11 Onager
38:11 Capped Ram
40:18 Conscription
40:56 Gold Shaft Mining
39:50 Siege Onager
39:51 Siege Ram
41:25 Caravan
42:18 Siege Engineers
42:11 Murder Holes
42:38 Ballistics
42:19 Elite Varangian Guard
42:20 Pikeman
44:51 Halberdier
48:17 Heavy Scorpion
Foodude4
3:12 Loom
5:37 Loom
12:06 Feudal Age
17:47 Castle Age
16:02 Double-Bit Axe
16:05 Horse Collar
20:37 Bow Saw
23:49 Wheelbarrow
28:13 Hand Cart
28:17 Gold Mining
28:30 Stone Mining
29:26 Heavy Plow
35:00 Bloodlines
34:50 Husbandry
37:23 Imperial Age
35:26 Forging
35:22 Scale Barding Armor
35:18 Padded Archer Armor
36:42 Caravan
38:39 Elite Janissary
40:17 Gold Shaft Mining
41:08 Chain Barding Armor
41:03 Leather Archer Armor
41:25 Iron Casting
43:04 Artillery
43:50 Ballistics
Ackshun
2:00 Loom
11:55 Feudal Age
12:29 Double-Bit Axe
12:33 Fishing Lines
13:13 Horse Collar
19:15 Castle Age
20:38 Wheelbarrow
20:16 Bow Saw
20:09 Heavy Plow
20:27 Fletching
21:23 Bodkin Arrow
21:33 Crossbowman
23:33 Padded Archer Armor
24:57 Hand Cart
26:24 Ballistics
27:06 Leather Archer Armor
27:27 Thumb Ring
30:01 Forging
29:52 Scale Mail Armor
30:32 Stone Mining
30:34 Gold Mining
31:25 Iron Casting
34:21 Chain Mail Armor
34:14 Husbandry
34:24 Bloodlines
36:10 Scale Barding Armor
38:41 Imperial Age
35:37 Elite Skirmisher
36:49 Caravan
37:32 Squires
37:21 Arson
38:03 Chain Barding Armor
38:00 Town Watch
40:24 Chemistry
39:30 Siege Engineers
39:06 Treadmill Crane
39:23 Murder Holes
39:40 Masonry
40:47 Paper Money
42:27 Two-Man Saw
40:53 Arbalester
41:45 Bracer
43:11 Stone Shaft Mining
42:38 Town Patrol
43:48 Ring Archer Armor
46:49 Elite Fire Lancer
48:39 Plate Mail Armor
49:44 Pikeman
50:53 Halberdier
51:29 Imperial Skirmisher
王哪跑
11:27 Feudal Age
12:44 Double-Bit Axe
15:08 Castle Age
15:00 Horse Collar
25:20 Wheelbarrow
25:38 Heavy Plow
25:45 Gold Mining
25:47 Stone Mining
27:38 Hand Cart
28:10 Bow Saw
31:36 Imperial Age
29:56 Stone Shaft Mining
30:01 Gold Shaft Mining
29:41 Forging
29:37 Scale Barding Armor
31:36 Iron Casting
33:27 Crop Rotation
34:02 Two-Man Saw
33:19 Caravan
33:50 Coinage
33:30 Guilds
34:25 Blast Furnace
33:46 Chain Barding Armor
34:59 Chemistry
33:55 Murder Holes
33:37 Elite War Elephant
34:28 Citadels
34:39 Conscription
35:12 Banking
38:40 Plate Barding Armor
45:51 Fletching
Kippa97
1:13 Loom
12:59 Feudal Age
17:40 Castle Age
16:18 Double-Bit Axe
16:14 Horse Collar
18:56 Bow Saw
20:20 Wheelbarrow
20:19 Heavy Plow
23:13 Fishing Lines
25:33 Hand Cart
25:47 Gold Mining
25:47 Stone Mining
26:50 Gillnets
28:10 Scale Mail Armor
28:23 Forging
32:34 Imperial Age
31:03 Ballistics
30:54 Fortified Wall
30:55 Masonry
31:06 Chain Mail Armor
30:37 Pikeman
32:44 Stronghold
33:33 Iron Casting
32:49 Fletching
33:02 Padded Archer Armor
34:29 Caravan
34:34 Gambesons
34:34 Arson
34:10 Halberdier
34:14 Elite Woad Raider
34:57 Onager
36:11 Plate Mail Armor
36:04 Halberdier
37:09 Conscription
37:24 Hoardings
38:06 Furor Celtica
39:44 Blast Furnace
38:40 Bodkin Arrow
39:48 Chemistry
38:50 Murder Holes
39:00 Siege Onager
41:27 Siege Engineers
43:06 Capped Ram
45:44 Siege Ram
46:41 Scale Barding Armor
Connection lost

Rejoining the realm…

Still unreachable

The connection could not be restored.

Session expired

The server has moved on; the page needs a fresh start.